cohdb
Replays
Latest Replays
All Replays
Popular Replays
Top Player Replays
Match Explorer
How It Works
Community
CoH3 Stats
Reddit
Sign in to upload your games and track your stats! →
Sign in with Steam
Match 35487943
Unlisted
Match 35487943
Overview
Messages
Build Orders
End
Construct Section Command Post
Royal Engineer Section
Selects Heavy Armor Battlegroup
Infantry Section
Infantry Section
Infantry Section
Construct Platoon Command Post
Construct Field Infirmary
Selects Rigorous Vehicle Training
CMP 15cwt Truck
6-pounder Anti-tank Gun Team
Construct Company Command Post
Foot Guards Section
Selects Crusader AA Medium Tank
Selects Light Vehicle Withdraw and Refit
Selects Light Vehicle Withdraw and Refit
Selects Radio Net
Unlock M3 Grant Medium Tanks
Selects Recon Artillery
Recon Artillery
M3 Grant Medium Tank
Foot Guards Section
ccGOAAALLL
Big:Tasty
Jakob
STEM1
lengfeng988
matrix4x4
粉色上瘾
许聪聪
0
0
Comments
sign in to comment!
No comments posted yet!